 Dungeon Crawl Stone Soup version 0.26.1-11-gd32895ea62 (webtiles) character file.

Game seed: 2350983033452040441

49 Zeld the Grave Robber (level 3, 0/23 HPs)
             Began as an Octopode Necromancer on May 18, 2021.
             Killed from afar by Ijyb (12 damage)
             ... with a puff of flame
             ... on level 2 of the Dungeon.
             The game lasted 00:02:45 (2443 turns).

Zeld the Grave Robber (Octopode Necromancer)        Turns: 2443, Time: 00:02:45

Health: 0/23       AC:  1    Str:  7    XL:     3   Next: 77%
Magic:  4/6        EV: 13    Int: 18    God:
Gold:   114        SH:  0    Dex: 12    Spells: 1/6 levels left

rFire    . . .     SeeInvis .   (no weapon)
rCold    . . .     Faith    .   (no shield)
rNeg     . . .     Spirit   .   (helmet restricted)
rPois    .         Reflect  .   (no amulet)
rElec    .         Harm     .   (no ring)
rCorr    .         Rampage  .   (no ring)
Will     .....                  (no ring)
Stlth    +++.......             (no ring)
HPRegen  0.07/turn              (no ring)
MPRegen  0.10/turn              (no ring)
                                (no ring)
                                (no ring)

@: lethally poisoned (0 -> -10)
A: almost no armour, stealthy swim, amphibious, 8 rings, constrict 8, camouflage
1, gelatinous body 1
a: no special abilities


You were on level 2 of the Dungeon.
You visited 1 branch of the dungeon, and saw 3 of its levels.

You collected 114 gold pieces.

Inventory:

Jewellery
 c - an uncursed ring of stealth {unknown}
Scrolls
 a - 2 scrolls of amnesia {unknown}
 b - 2 scrolls of enchant armour {unknown}
 d - a scroll of blinking {unknown}
 e - 2 scrolls of magic mapping {unknown}
 f - a scroll of remove curse {unknown}
Potions
 g - a potion of curing


   Skills:
 + Level 1.2 Fighting
 + Level 2.4 Dodging
 - Level 2.6 Stealth
 + Level 2.4 Spellcasting
 * Level 4.5 Necromancy


You had one spell level left.
You knew the following spells:

 Your Spells              Type           Power        Failure   Level
a - Pain                  Necr           72%          2%          1
b - Animate Skeleton      Necr           36%          2%          1
c - Vampiric Draining     Necr           9%           8%          3

Your spell library contained the following spells:

 Spells                   Type           Power        Failure   Level
 Animate Dead             Necr           9%           26%         4
 Agony                    Necr           18%          58%         5


Dungeon Overview and Level Annotations

Branches:
Dungeon (3/15)

Altars:
Makhleb

Annotations:
D:2 Ijyb


Innate Abilities, Weirdness & Mutations

You cannot wear most types of armour.
You are very stealthy in the water. (Stealth+)
You are amphibious.
You can wear up to eight rings at the same time.
You can use your tentacles to constrict eight enemies at once.
Your skin changes colour to match your surroundings (Stealth+).
Your rubbery body absorbs attacks. (AC +1, EV +1)


Message History

You climb upwards.
You feel sick.
There is a stone staircase leading down here.
Press: ? - help, v - describe, . - travel
Here: Ijyb, wielding a +1 dagger of venom, wearing a +0 leather armour and carrying a wand of flame (10) (moderately wounded)
The floor.
You feel sick.
Ijyb zaps a wand.
The puff of flame misses you.
You feel sick.
Ijyb zaps a wand.
The puff of flame misses you.
You feel sick.
Ijyb screams, "Me very upset!"
You feel sick.
Casting: Pain (safe; 2% risk of failure)
Confirm with . or Enter, or press ? or * to list all spells.
Aiming: Pain (safe; 2% risk of failure)
Press: ? - help, Shift-Dir - straight line, f - Ijyb
Aim: Ijyb, wielding a +1 dagger of venom, wearing a +0 leather armour and carrying a wand of flame (8) (moderately wounded, chance to affect: 84%) Ijyb writhes in agony.
You feel sick. Ijyb screams, "Me kill you!"
Ijyb zaps a wand.
The puff of flame hits you!
Ouch! That really hurt!
You die...

..##.## #.#..###.##.#.# #
##....#########.#......##...# #
#..#.................####### #
##....########)##.##.## # ..#####
#.##.#### # .####### #.##..# #
.#.....# #.###.# # .#.....#
#.###.# # .......#
#..@..############## .#.....##
#####g##............ ........#
#.#).######.####
.##...#.##########>#..#§§≈§#.####
.###.##.#..........#..§≈§.§#...##
........#.########....'≈§⌠≈#....#
####.#..#.# #.##.#≈≈§≈#....#
#.#..#.## #.##.######....#
##.#.....#######.##..........##


You could see Ijyb.

Vanquished Creatures
  An adder (D:2)
  An ooze (D:1)
  2 leopard geckos
  5 giant cockroaches
  5 goblins
  A hobgoblin (D:2)
  6 kobolds
  A ball python (D:1)
  2 bats (D:2)
  A frilled lizard (D:2)
  8 rats
33 creatures vanquished.

Vanquished Creatures (collateral kills)
  A goblin (D:2)
1 creature vanquished.

Grand Total: 34 creatures vanquished

Notes
Turn   | Place    | Note
-------+----------+-------------------------------------------
     0 | D:1      | Zeld the Octopode Necromancer began the quest for the Orb.
     0 | D:1      | Reached XP level 1. HP: 11/11 MP: 3/3
     2 | D:1      | Learned a level 1 spell: Animate Skeleton
   322 | D:1      | Reached XP level 2. HP: 14/18 MP: 0/5
  1406 | D:2      | Reached XP level 3. HP: 18/22 MP: 2/6
  1423 | D:2      | Learned a level 3 spell: Vampiric Draining
  1821 | D:2      | Reached skill level 1 in Fighting
  1848 | D:2      | Found a burning altar of Makhleb.
  2106 | D:2      | Noticed an ogre
  2432 | D:3      | Noticed Ijyb
  2443 | D:2      | Killed from afar by Ijyb

Illustrated notes

Levels and vault maps discovered:
D:1:      psy_arrival_statuary, layout_loops_cross, minmay_liquid_box
D:2:      layout_loops_ring, general_overflow_altar, lightli_corner_chamber
D:3:      layout_rooms, uniq_ijyb

Skill      XL: |  1  2  3 |
---------------+----------+-----
Fighting       | 1 |  1.2
Dodging        | |  2.4
Stealth        | |  2.6
Spellcasting   | |  2.4
Necromancy     | |  4.5

Action                   || total
-------------------------++-------
Melee: Unarmed           ||    10
       Constrict         ||     2
 Cast: Pain              ||    59
       Animate Skeleton  ||     7
Armor: Skin              ||     5
Dodge: Dodged            ||    16
